Cogmind - Beta 16 @@@ ROGUE MODE // 2025.12.31 @ 22:03:21 Player: cromly Result: Destroyed by Y-45 Defender with Heavy Assault Rifle Performance ------------- Evolutions (2) 1000 Regions Visited (5) 1000 Robots Destroyed (53) 265 Value Destroyed (1154) 1154 Prototype IDs (1) 20 Alien Tech Used (0) 0 Bonus (0) 0 TOTAL SCORE: 3439 Bonus ------- None Cogmind --------- Core Integrity 0/550 Matter 48/300 Energy 100/100 System Corruption 0% Temperature Cool (0) Movement Core (1350) Ox26 Location -8/Materials Parts ------- > --- POWER (2) -------- (None) > --- PROPULSION (4) --- (None) > --- UTILITY (3) ------ Huge Storage Unit Utility Shielding > --- WEAPON (2) ------- (None) > --- INVENTORY (25) --- Wheel Compact Wheel Improved Hover Unit Flight Unit VTOL Module High-capacity Storage Unit Medium Matter Pod (63) Visual Processing Unit Transport Network Coupler ECM Suite Medium Armor Plating Heavy Assault Rifle Peak State ------------ > --- POWER ------------ Light Ion Engine > --- PROPULSION ------- Light Treads Light Treads > --- UTILITY ---------- High-capacity Storage Unit Experimental Sensor Array > --- WEAPON ----------- Light Assault Rifle Light Assault Rifle > --- INVENTORY -------- Ion Engine VTOL Module Small Storage Unit Small Matter Pod ECM Suite Grenade Launcher Welding Torch [Rating: 15] Favorites ----------- Power Light Ion Engine Engine Light Ion Engine Propulsion Light Treads Treads Light Treads Leg Aluminum Leg Wheel Wheel Utility Huge Storage Unit Device ECM Suite Storage Huge Storage Unit Processor Signal Interpreter Protection Medium Armor Plating Weapon Light Assault Rifle Energy Cannon Particle Cannon Ballistic Gun Light Assault Rifle Ballistic Cannon Improved Light Cannon Launcher Grenade Launcher Build | -11 -10 -10 -9 -9 -8 ------- Run | Yrd Mat Min Mat Min Mat Slots Evolved 4 | . . . 2 . 2 Power 1 | . . . . . 1 Propulsion 2 | . . . 2 . . Utility 1 | . . . . . 1 Weapon . | . . . . . . Parts Attached 43 | 6 6 1 10 5 15 Power 7 | 1 1 . 1 1 3 Engine 7 | 1 1 . 1 1 3 Core . | . . . . . . Reactor . | . . . . . . Propulsion 15 | 2 2 . 3 1 7 Treads 6 | . 2 . 3 1 . Leg 3 | . . . . . 3 Wheel 6 | 2 . . . . 4 Hover . | . . . . . . Flight . | . . . . . . Utility 12 | 1 3 1 4 . 3 Device 3 | . 1 1 . . 1 Storage 4 | 1 2 . 1 . . Processor 1 | . . . 1 . . Hackware . | . . . . . . Protection 4 | . . . 2 . 2 Artifact . | . . . . . . Weapon 9 | 2 . . 2 3 2 Energy Gun . | . . . . . . Energy Cannon 1 | . . . . . 1 Ballistic Gun 5 | 2 . . 1 2 . Ballistic Cannon 1 | . . . . . 1 Launcher 2 | . . . 1 1 . Special Weapon . | . . . . . . Impact Weapon . | . . . . . . Slashing Weapon . | . . . . . . Piercing Weapon . | . . . . . . Special Melee Weapon . | . . . . . . Unidentified Prototypes 1 | . . 1 . . . Parts Lost 28 | . . 1 4 5 18 Power 6 | . . . 1 1 4 Propulsion 11 | . . . 2 3 6 Utility 4 | . . 1 . 1 2 Weapon 7 | . . . 1 . 6 Highest Loss Streak 8 | . . 1 3 3 8 To Critical Strikes . | . . . . . . Average Backups 13 | 1 6 7 14 15 16 Power 1 | . 1 1 2 1 . Propulsion 2 | 1 2 1 2 2 4 Utility 5 | . 1 2 5 7 6 Weapon 3 | . . 1 3 4 4 Tool/Special . | . . . . . . Unused Backups 4 | . . . 1 . 3 Power . | . . . . . . Propulsion 2 | . . . . . 2 Utility 1 | . . . . . 1 Weapon . | . . . . . . Tool/Special 1 | . . . 1 . . Average Slot Usage (%) 79 | . 96 96 77 79 64 Engine 11 | . 14 14 10 10 13 Treads 20 | . 17 28 23 24 4 Wheel 1 | . 10 . . . 3 Device 2 | . 8 10 1 . 2 Storage 11 | . 15 14 11 11 9 Processor 1 | . . . 3 . . Protection 7 | . . . 5 10 12 Ballistic Gun 17 | . 28 28 13 21 11 Launcher 3 | . . . 7 . . Peak Build Rating 15 | 6 7 15 13 14 15 Average Rating 10 | 4 6 9 9 11 11 On Entrance 6 | . 6 7 7 11 10 Avg Prop Armor Cover (%) 12 | . . . . . 12 Naked Turns . | . . . . . . Heaviest Build 100 | 12 47 47 96 94 100 Greatest Support 80 | 20 40 40 80 80 35 Greatest Overweight (x) 28 | . 1 1 2 4 28 Average Overweight (x) 1 | . . 1 1 2 5 Largest Inventory Capacity 25 | 8 20 20 25 25 25 Average Capacity 22 | 7 15 20 22 25 25 Most Carried 20 | 3 8 9 20 18 19 Average Carried 13 | 1 7 7 14 15 15 Final Capacity 25 | 8 20 20 25 25 25 Final Carried 18 | 3 8 9 17 18 12 Class Distribution -------------------- 86% | Mutant 13% | Scavenger-Mutant Dominant Class ---------------- Mutant | -10/Materials Mutant | -10/Mines Mutant | -9/Materials Mutant | -9/Mines Mutant | -8/Materials Resources | -11 -10 -10 -9 -9 -8 ----------- Run | Yrd Mat Min Mat Min Mat Matter Collected 1295 | 260 . 46 528 263 198 Remotely . | . . . . . . Salvage Created 1365 | . . 46 747 257 315 Parts 94 | . 2 5 43 19 25 Haulers Intercepted 2 | . . . 2 . . Recyclers Shooed . | . . . . . . Parts Field Recycled . | . . . . . . Retrieved Matter . | . . . . . . Parts Self-Destructed . | . . . . . . Prevented . | . . . . . . Parts Restored . | . . . . . . Kills | -11 -10 -10 -9 -9 -8 ------- Run | Yrd Mat Min Mat Min Mat Combat Hostiles Destroyed 32 | . . 3 12 10 7 Guns 14 | . . 3 5 6 . Cannons 1 | . . . . . 1 AOE 17 | . . . 7 4 6 Classes Destroyed 13 | . 1 1 8 2 1 Worker 5 | . . . 3 . 2 Builder 8 | . . . 3 . 5 Tunneler 3 | . 1 . . 2 . Hauler 2 | . . . 2 . . Recycler 3 | . . . 3 . . Mechanic 1 | . . . 1 . . Watcher 2 | . . . 2 . . Swarmer 6 | . . 3 3 . . Grunt 16 | . . . 5 6 5 Brawler 1 | . . . . 1 . Sentry 5 | . . . 4 . 1 Hunter 1 | . . . . . 1 Assembled 3 | . . . . 3 . Best Kill Streak 7 | . 1 3 7 4 5 Combat Bots Only 4 | . . 3 3 3 4 Max Kills in Single Turn 4 | . 1 1 3 4 3 Gunslinging . | . . . . . . Exploded 2 | . . . 2 2 1 Melee . | . . . . . . Uniques/NPCs Destroyed . | . . . . . . Combat | -11 -10 -10 -9 -9 -8 -------- Run | Yrd Mat Min Mat Min Mat Hostile Shots Fired 329 | . . 28 111 56 134 Missed 97 | . . 5 38 12 42 Hits 232 | . . 23 73 44 92 Melee 7 | . . . . 7 . Projectile 225 | . . 23 73 37 92 Critical Strikes 7 | . . . 1 3 3 Damage Taken 3664 | . . 186 946 780 1752 Core 822 | . . 31 140 99 552 Absorbed by Shields . | . . . . . . Redirected to Shielding 44 | . . . . . 44 Core Remaining (%) 75 | 100 . 87 . 40 . Volleys Fired 136 | . 7 9 55 31 34 Largest 2 | . 2 2 2 2 2 Hottest 68 | . 40 40 53 53 68 Shots Fired 226 | . 14 18 74 62 58 Gun 167 | . 14 18 55 48 32 Cannon 16 | . . . . . 16 Launcher 43 | . . . 19 14 10 Special . | . . . . . . Kinetic 176 | . 14 18 55 48 41 Thermal 7 | . . . . . 7 Explosive 43 | . . . 19 14 10 Electromagnetic . | . . . . . . Robot Hit Streak 8 | . 2 2 8 7 7 Robot Miss Streak 5 | . 2 4 4 2 5 Penetration Max . | . . . . . . Secondary Targets 3 | . . 2 . 1 . Max Gunslinging Chain 1 | . . 1 . 1 . Shots Hit Robots 119 | . 6 7 43 30 33 Core Hits 107 | . . 3 48 24 32 Critical Kills . | . . . . . . Critical Parts Destroyed . | . . . . . . Critical Strikes . | . . . . . . Melee Attacks . | . . . . . . Impact . | . . . . . . Slashing . | . . . . . . Piercing . | . . . . . . Sneak Attacks . | . . . . . . Combat Hostiles . | . . . . . . Follow-up Attacks . | . . . . . . Damage Inflicted 4281 | . 50 60 1572 994 1605 Guns 1148 | . 49 60 475 372 192 Cannons 245 | . . . . . 245 Explosions 2885 | . . . 1097 622 1166 Melee . | . . . . . . Ramming 3 | . 1 . . . 2 Kinetic 1290 | . 49 60 475 372 334 Thermal 103 | . . . . . 103 Explosive 2885 | . . . 1097 622 1166 Electromagnetic . | . . . . . . Impact . | . . . . . . Slashing . | . . . . . . Piercing . | . . . . . . Highest Corruption . | . . . . . . Average Corruption . | . . . . . . Corruption Purged . | . . . . . . Corruption Blocked . | . . . . . . Overload Shots . | . . . . . . Overflow Damage 126 | . . . 10 46 70 Projectiles 8 | . . . . . 8 Explosions 118 | . . . 10 46 62 Melee . | . . . . . . Knockbacks 1 | . . . . . 1 Impact . | . . . . . . Kinetic 1 | . . . . . 1 Secondary . | . . . . . . Self-Inflicted Damage 258 | . . . 48 185 25 Shots 10 | . . . 2 7 1 Rammed 1 | . . . . . 1 Targets Rammed 2 | . 1 . . . 1 Kicked . | . . . . . . Crushed 1 | . 1 . . . . Highest Temperature 36 | . . . 20 32 36 Average Temperature 9 | . . . 6 11 9 Received Heat Transfer 975 | . . . 297 174 504 Siege Activations . | . . . . . . Martial Activations . | . . . . . . Shielding Activations . | . . . . . . Robots Disrupted . | . . . . . . Combat Hostiles . | . . . . . . Robots Corrupted . | . . . . . . Combat Hostiles . | . . . . . . Parts Fried . | . . . . . . Impact Corruptions . | . . . . . . Robots Melted . | . . . . . . Combat Hostiles . | . . . . . . Parts Melted . | . . . . . . Heat Transferred 185 | . . . . . 185 Parts Sabotaged . | . . . . . . Parts Stolen . | . . . . . . Parts Stripped . | . . . . . . Power Chain Reactions . | . . . . . . Alert | -11 -10 -10 -9 -9 -8 ------- Run | Yrd Mat Min Mat Min Mat Maximum Alert Level 1 | . . . 1 . . Low Security (%) 98 | 100 100 100 94 100 100 Level 1 1 | . . . 5 . . Level 2 . | . . . . . . Level 3 . | . . . . . . Level 4 . | . . . . . . Level 5 . | . . . . . . High Security . | . . . . . . Max Security . | . . . . . . Peak Influence 226 | . 15 40 226 148 148 Initial 83 | . . . . 83 . Average 42 | . 1 6 62 45 35 Influence Increases 1111 | . 29 70 524 226 262 Destroy 0b10 Robot/C 580 | . . 60 240 140 140 Destroy 0b10 Robot/NC 120 | . 5 . 70 10 35 Destroy Leader 148 | . . 10 88 10 40 Successful Hack 32 | . 9 . 22 . 1 Disable Machine 30 | . . . 15 15 . Destroy Structure 186 | . . . 89 51 46 Partial Spotted 15 | . 15 . . . . Influence Decreases 1111 | . 29 70 310 440 262 Entered New Map 131 | . . . . 131 . Time Decay 776 | . 29 60 270 285 132 Lost Part 204 | . . 10 40 24 130 Squads Dispatched 8 | . 2 . 3 . 3 Investigation 2 | . 1 . . . 1 Extermination . | . . . . . . Reinforcement 6 | . 1 . 3 . 2 Assault . | . . . . . . Garrison . | . . . . . . Intercept . | . . . . . . Searches Triggered . | . . . . . . Construction Impeded 4 | . . . 2 . 2 Haulers Reinforced . | . . . . . . Active Scanning Responses . | . . . . . . Cargo Convoy Interrupts . | . . . . . . Stealth | -11 -10 -10 -9 -9 -8 --------- Run | Yrd Mat Min Mat Min Mat Distress Signals 6 | . 2 . 2 . 2 Communications Jammed . | . . . . . . Distress Signals . | . . . . . . Times Spotted 61 | . 7 3 19 10 22 Peak Tracking Total 8 | . 3 3 4 3 8 Tactical Retreats 3 | . 2 . . 1 . ECM-based Alert Blocks 3 | . 3 . . . . Traps | -11 -10 -10 -9 -9 -8 ------- Run | Yrd Mat Min Mat Min Mat Traps Triggered 3 | . 1 . 1 . 1 Indirectly . | . . . . . . Trap Hack Attempts . | . . . . . . Triggered . | . . . . . . Disarmed . | . . . . . . Reprogrammed . | . . . . . . Reused . | . . . . . . Traps Extracted . | . . . . . . Installed . | . . . . . . Triggered . | . . . . . . Machines | -11 -10 -10 -9 -9 -8 ---------- Run | Yrd Mat Min Mat Min Mat Machines Disabled 4 | . . . 3 1 . Max in Single Turn 1 | . . . 1 1 . Machines Repaired . | . . . . . . Machines Dismantled . | . . . . . . Machines Sabotaged . | . . . . . . Overloaded Fab Kills . | . . . . . . Hacking | -11 -10 -10 -9 -9 -8 --------- Run | Yrd Mat Min Mat Min Mat Machines Accessed 7 | . 4 . 2 . 1 Terminals 4 | . 3 . . . 1 Fabricators . | . . . . . . Repair Stations . | . . . . . . Recycling Units 1 | . 1 . . . . Scanalyzers 2 | . . . 2 . . Garrison Access . | . . . . . . Total Hacks 30 | . 19 . 6 . 5 Successful 17 | . 9 . 4 . 4 Failed 12 | . 10 . 2 . . Catastrophic . | . . . . . . Database Lockouts 1 | . . . . . 1 Manual . | . . . . . . Terminals 22 | . 17 . . . 5 Fabricators . | . . . . . . Repair Stations . | . . . . . . Recycling Units 2 | . 2 . . . . Scanalyzers 6 | . . . 6 . . Garrison Access . | . . . . . . Terminal Hacks 11 | . 7 . . . 4 Record 9 | . 5 . . . 4 Alert Level 1 | . 1 . . . . Dispatch Records 1 | . 1 . . . . Fabricator Hacks . | . . . . . . Repair Station Hacks . | . . . . . . Recycling Unit Hacks 2 | . 2 . . . . Report Inventory 1 | . 1 . . . . Retrieve Components 1 | . 1 . . . . Scanalyzer 4 | . . . 4 . . Insert Component 2 | . . . 2 . . Analyze 1 | . . . 1 . . Retrieve Study 1 | . . . 1 . . Garrison Access Hacks . | . . . . . . Unauthorized Hacks . | . . . . . . Terminals . | . . . . . . Fabricators . | . . . . . . Repair Stations . | . . . . . . Recycling Units . | . . . . . . Scanalyzers . | . . . . . . Garrison Access . | . . . . . . Data Cores Recovered . | . . . . . . Used . | . . . . . . Hacking Detections 5 | . 3 . 1 . 1 Full Trace Events 4 | . 3 . . . 1 Feedback Events . | . . . . . . Feedback Blocked . | . . . . . . Robot Schematics Acquired . | . . . . . . Robots Built . | . . . . . . Authchips . | . . . . . . Time . | . . . . . . Total Robot Build Rating . | . . . . . . Part Schematics Acquired 1 | . . . 1 . . Parts Built . | . . . . . . Authchips . | . . . . . . Time . | . . . . . . Total Part Build Rating . | . . . . . . Part Studies Acquired 1 | . . . 1 . . Parts Repaired . | . . . . . . Time . | . . . . . . Parts Recycled . | . . . . . . Recycled Matter . | . . . . . . Retrieved Matter . | . . . . . . Retrieved Components 3 | . 3 . . . . Parts Scanalyzed 1 | . . . 1 . . Part Schematics Acquired 1 | . . . 1 . . Parts Damaged . | . . . . . . Bothacking | -11 -10 -10 -9 -9 -8 ------------ Run | Yrd Mat Min Mat Min Mat Used RIF Installer . | . . . . . . Robots Hacked . | . . . . . . Non-combat . | . . . . . . Combat . | . . . . . . Robot Hacks Applied . | . . . . . . Relay Couplers Released . | . . . . . . Fabnet Peak Effective % . | . . . . . . Robots Rewired . | . . . . . . Allies Hacked . | . . . . . . Hacks Repelled . | . . . . . . Allies | -11 -10 -10 -9 -9 -8 -------- Run | Yrd Mat Min Mat Min Mat Total Allies . | . . . . . . Largest Group . | . . . . . . Highest-Rated Group . | . . . . . . Highest-Rated Ally . | . . . . . . Total Orders . | . . . . . . Ally Attacks . | . . . . . . Total Damage . | . . . . . . Kills . | . . . . . . Allies Corrupted . | . . . . . . Allies Melted . | . . . . . . Intel | -11 -10 -10 -9 -9 -8 ------- Run | Yrd Mat Min Mat Min Mat Active Infowar (turns) 667 | . 192 268 207 . . Sensors 129 | . . 129 . . . ECM 538 | . 192 139 207 . . Robot Analysis Total . | . . . . . . Derelict Logs Recovered 1 | . . . . 1 . Drone Launches . | . . . . . . Drone Recoveries . | . . . . . . Exploration | -11 -10 -10 -9 -9 -8 ------------- Run | Yrd Mat Min Mat Min Mat Turns Passed 3600 | 48 294 365 1382 870 641 Spaces Moved 1153 | 43 176 141 461 222 110 Core 13 | 8 . . . . 5 Treads 959 | . 73 141 461 222 62 Legs 24 | . . . . . 24 Wheels 157 | 35 103 . . . 19 Hover . | . . . . . . Flight . | . . . . . . Fastest Speed 50 | 50 80 240 240 240 140 Average Speed 272 | 74 146 240 264 345 480 Slowest Speed 1450 | 80 240 240 320 480 1450 Overloaded Moves . | . . . . . . Propulsion Burnouts . | . . . . . . Robots Hopped . | . . . . . . Potential Cave-ins 3 | . . . . 1 2 Cave-ins Triggered . | . . . . . . Exploration Rate (%) 31 | 3 33 44 38 54 15 Regions Visited 5 Branch Regions 2 Pre-discovered Areas 1 | . . . . 1 . Known Exits Taken . | . . . . . . Unknown Exits Taken 5 | 1 1 1 1 1 . Scrap Searched 1 | . . . . 1 . Spaces Dug . | . . . . . . Terrain Destroyed 253 | . . . 102 73 78 Melee . | . . . . . . Projectile . | . . . . . . AOE 253 | . . . 102 73 78 Terrain Rammed . | . . . . . . Walls Destroyed . | . . . . . . Machines Disabled . | . . . . . . Actions | -11 -10 -10 -9 -9 -8 --------- Run | Yrd Mat Min Mat Min Mat Total 1400 | 59 197 155 551 266 172 Wait . | . . . . . . Move 1148 | 42 175 140 460 221 110 Hop . | . . . . . . Pick Up 45 | 10 6 3 19 4 3 Fast Attach 5 | . . . . 1 4 Attach 26 | 6 1 . 5 3 11 Detach 1 | . . . . . 1 Swap 28 | . 7 1 7 5 8 Drop 8 | 1 . 2 5 . . Fire 136 | . 7 9 55 31 34 Melee . | . . . . . . Ram 1 | . . . . . 1 Kick . | . . . . . . Crush 1 | . 1 . . . . Escape Stasis . | . . . . . . Rewire 1 | . . . . 1 . Trap . | . . . . . . Miscellaneous . | . . . . . . Route ------- -11/Scrapyard -10/Materials -10/Mines -9/Materials -9/Mines -8/Materials History --------- Turn | Location | Event 29 | -11/Scrapyard | Discovered new exit (range 15) 49 | -11/Scrapyard | Entered Materials 256 | -10/Materials | Discovered new exit (range 14) 310 | -10/Materials | Build established: Mutant 343 | -10/Materials | Entered Mines 475 | -10/Mines | Found a damaged Exp. Sensor Array with a note attached 481 | -10/Mines | Found Prototype Device 482 | -10/Mines | Identified Exp. Sensor Array 682 | -10/Mines | Discovered new exit (range 11) 708 | -10/Mines | Entered Materials 708 | -9/Materials | Evolved 2 slots: Propulsion x2 1925 | -9/Materials | Discovered new exit (range 15) 2034 | -9/Materials | Lost 3 parts (2n1w) 2090 | -9/Materials | Entered Mines 2362 | -9/Mines | Learned location of Zion (-7) 2377 | -9/Mines | Excavation squad dispatched 2377 | -9/Mines | A large section of the Mines collapsed 2455 | -9/Mines | Lost 3 parts (2n1u) 2490 | -9/Mines | Core integrity fell below 50% 2808 | -9/Mines | Discovered new exit (range 11) 2960 | -9/Mines | Entered Materials 2960 | -8/Materials | Evolved 2 slots: Power x1, Utility x1 3202 | -8/Materials | Central database locked down 3416 | -8/Materials | Lost 6 parts (1p2n1u2w) 3584 | -8/Materials | Core integrity fell below 50% 3595 | -8/Materials | Core integrity fell below 20% 3601 | -8/Materials | Destroyed by Y-45 Defender with Heavy Assault Rifle Last Messages --------------- 03546_ U-05 Engineer lays Concrete. 03553_ U-05 Engineer builds a Wall. 03557_ U-05 Engineer lays Concrete. 03559_ U-05 Engineer builds a Wall. 03564_ U-05 Engineer builds a Door. 03569_ Aluminum Leg destroyed. 03569_ Lgt. Ion Engine destroyed. 03569_ Critical hit (Blast). 03577_ W-25 Informer sends out distress signal. 03579_ Lgt. Armor Plating destroyed. 03579_ Knocked back. 03582_ Lgt. Ion Engine destroyed. 03585_ U-05 Engineer lays Concrete. 03588_ Penetrated by Slug. 03592_ Carbon-fiber Leg destroyed. 03592_ Hvy. Assault Rifle destroyed. 03592_ Imp. Light Cannon destroyed. 03594_ Critical hit (Burn: +37). 03597_ Aluminum Leg destroyed. 03599_ K-01 Serf destroyed. Map ----- +----------------------------------------------------+ | ?????????????????????????????????????????????????? | | ?????????????????????????????????????????????????? | | ?????????????????????????????????????????????????? | | ?????????????????????????????????????????????????? | | ?????????????????????????????????????????????????? | | ?????????????????????????????????????????????????? | | ?????????????????????????????????????????????????? | | ?????????????????????????????????????????????????? | | ?????????????????????????????????????????????????? | | ?????????????????????????????????????????????????? | | ???????????????????????? ??????????????????????? | | ???????????????????????? H ??????????????????????? | | ???????????????????????# #?????????????????????? | | ???????????????????????# #?????????????????????? | | ???????????????????????# #?????????????????????? | | ???????????????????????# #?????????????????????? | | ???????????????????????# #?????????????????????? | | ???????????????????????# ;?????????????????????? | | ???????????????????????+%* ;?????????????????????? | | ???????????????????????;% #?????????????????????? | | ???????????????????????# #?????????????????????? | | ???????????????????????# #?????????????????????? | | ???????????????????????# #?????????????????????? | | ???????????????????????# #?????????????????????? | | ???????????????????????# #?????#???????????????? | | ???????????????????????# @ ##### ##??????????????? | | ???????????????????????# %g #??????????????? | | ???????????????????????# %Yg % + "S ??????????? | | ???????????????????????# % %m gr # """??????????? | | ???????????????????????# ##### ##??????????????? | | ???????????????????????# #???? #???????????????? | | ???????????????????????# #?###+##??????????????? | | ???????????????????????# # ???????????????? | | ?????????????########??# # ???????????????? | | ?????????????# % ?# # """??????????????? | | ?????????????#""" ?#w # """"??????????????? | | ?????????????#"R # # """""?????????????? | | ??????????????""" # # """""?????????????? | | ??????????????? """ # # """ #???????????? | | ?????????????# """ + k+ #???????????? | | ?????????????# """ # #######+??????????????? | | ?????????????# # %# ####??#?????????????? | | ?????????????########### #[# #? #?????????????? | | ??????????? % # ## #?????????????? | | ??????????????##/#### #?????????????? | | ????????????????????### +?????????????? | | ??????????????????????# #?????????????? | | ??????????????????????# ## ####?????????????? | | ??????????????????????### # ## #???????????????? | | ??????????????????????# # # # ##???????????????? | +----------------------------------------------------+ Best States ------------- Heat Dissipation 31 Energy Generation 15 Energy Capacity 275 Matter Stores 300 Matter Capacity 350 Sight Range 16 Robot Scan Range 20 Terrain Scan Density 10 ECM Strength 1 Armor Coverage 225 Utility Shielding 33 Evasion (%) 44 Recoil Reduction 5 Item Schematics ----------------- VTOL Module | -9/Materials | Scanalyzed Robot Schematics ------------------ None Fabricated ------------ Nothing Repaired ---------- Nothing Studied --------- VTOL Module | -9/Materials | Hacked Alien Tech Used ----------------- None Achievements -------------- Construction Begets Destruction Let's See Who's Tougher Oops Overwhelming Remodeling Resistances Are Futile Challenges ------------ None Game ------ Seed LightningHugeBeamcaster Manual? 0 Play Time 01:14:27 Cumulative 10.3 hours Start 2025.12.30 @ 21:38:43 End 2025.12.31 @ 22:03:21 Sessions 3 Manual Loads 0 Difficulty Rogue Special Mode None Game No. 20 Rogue 20 Adventurer 0 Explorer 0 Win Type - Total 0 Types 0/0/0/0/0/0/0/0/0/0 Lore% 2 Gallery% 8 Achievement% 6 Wizard Run 0 Options --------- Layout 1 ASCII 0 Keyboard 0 Movement Mouse Keybinds 0 Fullscreen 2 Font 48/Smallcaps Map View 50x35 Zoom Use 0% Tactical HUD 1 Map Filters NONE Filters NONE Steam 1 RUN: fc4642b7-88c3-4c8c-9ca1-bc0de1fd114e